 Dungeon Crawl Stone Soup version 0.20.1-1-g8b1a95d (console) character file.

4 hilaritas the Caller (level 1, 0/14 HPs)
             Began as a Demigod Summoner on Oct 24, 2017.
             Succumbed to a goblin's poison
             ... on level 1 of the Dungeon.
             The game lasted 00:00:54 (264 turns).

hilaritas the Caller (Demigod Summoner)              Turns: 264, Time: 00:00:55

Health: 0/14       AC:  2    Str: 16    XL:     1   Next: 40%
Magic:  4/5        EV: 12    Int: 19    God:
Gold:   0          SH:  0    Dex: 16    Spells: 3/4 levels left

rFire    . . .     SeeInvis .   (no weapon)
rCold    . . .     Gourm    .   (no shield)
rNeg     . . .     Faith    .   a - +0 robe
rPois    .         Spirit   .   (no helmet)
rElec    .         Reflect  .   (no cloak)
rCorr    .         Harm     .   (no gloves)
MR       .....                  (no boots)
Stlth    ++........             (no amulet)
Regen    0.1/turn               (no ring)
MPRegen  0.1/turn               (no ring)

@: mighty, lethally poisoned (0 -> -13)
A: high mp 1
a: no special abilities


You were on level 1 of the Dungeon.
You were not hungry.

You visited 1 branch of the dungeon, and saw 1 of its levels.

Inventory:

Armour
 a - a +0 robe (worn)
Scrolls
 f - a scroll of enchant weapon {unknown}
 g - a scroll of identify {unknown}
Books
 b - a book of Callings

   Spells                             Type                      Level
   a - Summon Small Mammal            Summoning                    1
   b - Call Imp                       Summoning                    2
   c - Call Canine Familiar           Summoning                    3
   d - Summon Guardian Golem          Hexes/Summoning              3
   e - Summon Lightning Spire         Summoning/Air                4
   f - Summon Ice Beast               Ice/Summoning                4
Comestibles
 c - a bread ration
 d - a chunk of flesh


   Skills:
 - Level 1.7 Dodging
 - Level 1.7 Stealth
 * Level 2.0 Spellcasting
 + Level 3.6 Summonings


You had 3 spell levels left.
You knew the following spells:

 Your Spells              Type           Power        Failure   Level  Hunger
a - Summon Small Mammal   Summ           ###.         3%          1    #......


Dungeon Overview and Level Annotations

Branches:
Dungeon (1/15)


Innate Abilities, Weirdness & Mutations

You have an increased reservoir of magic. (+10% MP)


Message History

The goblin is moderately wounded.
You feel sick.
The goblin hits you with a dagger of venom.
You are more poisoned.
You closely miss the goblin.
The goblin is moderately wounded.
You feel sick.
The goblin hits you with a dagger of venom.
* * * LOW HITPOINT WARNING * * *
It was a potion of might.
You feel very mighty all of a sudden.
* * * LOW HITPOINT WARNING * * *
You feel sick. The goblin closely misses you.
You punch the goblin!
You kill the goblin!
Your Spellcasting skill increases to level 2!
* * * LOW HITPOINT WARNING * * *
You feel sick.
You barely miss the hobgoblin.
You die...

#..(........ #.#
#........... #.#
#........... #.####
####.#############.#...
#.................#.##
#.#.###...........#.#.
#.#...#.###...###.#.#.
#.###.#.# #.#r###.#.#.
.. #...# #.#.....#.#.
#####.#######.#######.#.
......g@................
####.#########.######.#.
#.###...... #.#...#####
#.#.######. #.#......#.
#.######.#. #.# #.#. #.#
#.#. #.# #.#.
#.######.#.


You could see a hobgoblin.

Vanquished Creatures
  A bat (D:1)
  A goblin (D:1)
  A kobold (D:1)
3 creatures vanquished.

Vanquished Creatures (collateral kills)
  A rat (D:1)
1 creature vanquished.

Grand Total: 4 creatures vanquished

Notes
Turn   | Place    | Note
-------+----------+-------------------------------------------
     0 | D:1      | hilaritas the Demigod Summoner began the quest for the Orb.
     0 | D:1      | Reached XP level 1. HP: 14/14 MP: 5/5
     2 | D:1      | Noticed a centaur
     2 | D:1      | Noticed a felid
     4 | D:1      | Noticed a human
     4 | D:1      | Noticed a tengu
     6 | D:1      | Noticed a dwarf
     8 | D:1      | Noticed an ogre
     8 | D:1      | Noticed a draconian
    10 | D:1      | Noticed a naga
    10 | D:1      | Noticed a formicid
    12 | D:1      | Noticed a halfling
    12 | D:1      | Noticed an octopode
    14 | D:1      | Noticed a vine stalker
    14 | D:1      | Noticed a vampire
    16 | D:1      | Noticed a merfolk
    18 | D:1      | Noticed a minotaur
    18 | D:1      | Noticed a spriggan
    20 | D:1      | Noticed a troll
    22 | D:1      | Noticed an elf
    22 | D:1      | Noticed a demonspawn
    24 | D:1      | Noticed a ghoul
    26 | D:1      | Noticed a gargoyle
    26 | D:1      | Noticed a demigod
   264 | D:1      | Succumbed to a goblin's poison

Skill      XL: |  1 |
---------------+----+-----
Spellcasting   | 2 |  2.0
Dodging        | |  1.7
Stealth        | |  1.7
Summonings     | |  3.6

Action                   || total
-------------------------++-------
Melee: Unarmed           ||    15
 Cast: Summon Small Mamm ||     3
  Use: Potion            ||     1
Armor: Robe              ||     8
Dodge: Dodged            ||    20
